 Dungeon Crawl Stone Soup version 0.16.1-2-g95b8d4c (webtiles) character file.

446 McCoppin the Twirler (level 7, -13/60 HPs)
             Began as a Naga Gladiator on Mar 25, 2015.
             Mangled by an ogre
             ... wielding a +0 giant club
              (22 damage)
             ... on level 4 of the Dungeon.
             The game lasted 00:11:48 (3511 turns).

McCoppin the Twirler (Naga Gladiator)               Turns: 3511, Time: 00:11:48

Health: -13/60     AC:  6    Str: 18    XL:     7   Next: 3%
Magic:  7/7        EV: 20    Int: 13    God:
Gold:   170        SH:  0    Dex: 18    Spells: 0 memorised, 6 levels left

rFire  . . .     SeeInvis +     i - +3 quarterstaff (chaos)
rCold  . . .     Clarity  .     b - +0 leather armour
rNeg   . . .     SustAb   .     (no shield)
rPois  +         Gourm    .     c - +0 helmet
rElec  .         Spirit   .     j - +1 cloak
rCorr  .         Warding  .     (no gloves)
rMut   .         Stasis   .     (no barding)
MR     .....                    (no amulet)
Stlth  +++.......               z - +5 ring of evasion
                                l - ring of stealth

@: brilliant, agile, flying, very slow, not resistant to hostile enchantments,
fairly stealthy
A: spit poison, see invisible, deformed body, poison resistance, slowness 2, AC
+2
a: Spit Poison


You were on level 4 of the Dungeon.
You were hungry.

You visited 1 branch of the dungeon, and saw 4 of its levels.

You collected 170 gold pieces.

Inventory:

Hand weapons
 a - a +0 quarterstaff
 i - a +3 quarterstaff of chaos (weapon)
 t - a +0 blowgun
Missiles
 d - 3 throwing nets (quivered)
 u - 4 poisoned needles
Armour
 b - a +0 leather armour (worn)
 c - a +0 helmet (worn)
 j - a +1 cloak (worn)
Jewellery
 l - a ring of stealth (left hand)
 y - an uncursed ring of flight
 z - a +5 ring of evasion (right hand)
Scrolls
 o - a scroll of enchant armour
Potions
 e - 2 potions of flight
 m - 2 potions of brilliance
 n - a potion of restore abilities
Comestibles
 f - 4 bread rations
 h - a beef jerky
 v - 2 meat rations


   Skills:
 - Level 2.0 Fighting
 + Level 7.7 Staves
 - Level 1.7 Throwing
 - Level 2.4 Dodging


You had 6 spell levels left.
You didn't know any spells.

Dungeon Overview and Level Annotations

Branches:
Dungeon (4/15)
 Temple: D:4-7

Altars:
Ashenzari
Trog


Innate Abilities, Weirdness & Mutations

You cannot wear boots.
You can spit poison.
Your serpentine skin is tough (AC +2).
You have supernaturally acute eyesight.
Armour fits poorly on your strangely shaped body.
Your system is resistant to poisons.
You cover ground very slowly.


Message History

You destroy 4thArraOfDagon's ghost!
You have reached level 7!
The orc priest mumbles some strange prayers to Beogh against you.
Pain shoots through your body!
The rat twitches its whiskers.
You barely miss the ogre. The ogre hits you with a giant club!
* * * LOW HITPOINT WARNING * * *
You hit the ogre. You drain the ogre!
The ogre is lightly wounded.
You are feeling hungry.
You barely miss the ogre.
The ogre is lightly wounded.
The orc priest's eyes start to glow.
The ogre misses you.
You hit the ogre.
The ogre is moderately wounded.
You completely miss the ogre.
The ogre is moderately wounded.
The ogre hits you with a giant club!!
You die...

. #... .... #... #....
#... #...o #... #..oo #...
#.... #... #....
############...
####...o####..............
.......rO@.'..............
.......o####...........#..
....... #...........###
....... #...........# #
...[... #...........# #
####.. ############# #..
#.. .


You could see an ogre, an orc priest, an orc and a rat.

Vanquished Creatures
  Sigmund (D:4)
  The ghost of 4thArraOfDagon the Slasher, an average DEFi (D:4)
  A giant frog (D:3)
  Crazy Yiuf (D:3)
  An orc wizard (D:4)
  A hound (D:4)
  A worker ant (D:4)
  5 adders
  An adder skeleton (D:3)
  2 giant geckos
  7 orcs
  7 bats
  5 giant cockroaches
  10 hobgoblins
  7 jackals
  3 quokkas
  4 ball pythons
  A giant gecko skeleton (D:4)
  6 giant newts
  10 goblins
  9 kobolds
  13 rats
97 creatures vanquished.

Notes
Turn   | Place    | Note
--------------------------------------------------------------
     0 | D:1      | McCoppin, the Naga Gladiator, began the quest for the Orb.
     0 | D:1      | Reached XP level 1. HP: 19/19 MP: 1/1
   351 | D:1      | Reached XP level 2. HP: 20/26 MP: 2/2
   814 | D:1      | Reached skill level 4 in Staves
  1196 | D:1      | Reached XP level 3. HP: 29/32 MP: 3/3
  2079 | D:2      | Reached XP level 4. HP: 39/39 MP: 4/4
  2320 | D:2      | Found a bloodstained altar of Trog.
  2320 | D:2      | Found a shattered altar of Ashenzari.
  2509 | D:3      | Reached skill level 5 in Staves
  2561 | D:3      | Noticed a giant frog
  2576 | D:3      | Killed a giant frog
  2576 | D:3      | Reached XP level 5. HP: 45/45 MP: 5/5
  2774 | D:3      | Noticed Crazy Yiuf
  2781 | D:3      | Paralysed by Crazy Yiuf for 6 turns
  2789 | D:3      | Killed Crazy Yiuf
  2789 | D:3      | Reached skill level 6 in Staves
  3208 | D:4      | Noticed Sigmund
  3212 | D:4      | Reached XP level 6. HP: 42/52 MP: 6/6
  3221 | D:4      | Killed Sigmund
  3221 | D:4      | Reached skill level 7 in Staves
  3470 | D:4      | Noticed an ogre
  3476 | D:4      | Noticed 4thArraOfDagon's ghost (average DEFi)
  3506 | D:4      | Killed 4thArraOfDagon's ghost
  3506 | D:4      | Reached XP level 7. HP: 27/60 MP: 7/7
  3511 | D:4      | Mangled by an ogre

Action                   |  1- 3 |  4- 6 |  7- 9 || total
-------------------------+-------+-------+-------++-------
Melee: Quarterstaff      |   124 |   151 |     5 ||   280
  Use: Potion            |       |     9 |       ||     9
       Scroll            |       |     9 |       ||     9
 Stab: Sleeping          |       |     6 |       ||     6
       Paralysed         |       |     1 |       ||     1
  Eat: Chunk             |     2 |     6 |       ||     8
